 Dungeon Crawl Stone Soup version 0.31-a0-771-g505c3d19dc (webtiles) character file.

Game seed: 15243165304652398385

28058 pokeman the Eclecticist (level 13, -12/72 HPs)
             Began as a Deep Elf Hedge Wizard on Sept 16, 2023.
             Was a High Priest of Vehumet.
             Killed from afar by Azrael (42 damage)
             ... with damnation
             ... on level 14 of the Dungeon.
             The game lasted 00:41:28 (16484 turns).

pokeman the Eclecticist (Deep Elf Hedge Wizard)    Turns: 16484, Time: 00:41:29

Health: -12/72     AC: 11    Str: 16    XL:     13   Next: 7%
Magic:  27/37      EV: 12    Int: 25    God:    Vehumet [*****.]
Gold:   1019       SH: 13    Dex: 17    Spells: 28/48 levels left

rFire   + + .        r - +7 sling of Doom {elec, rC- Str+3}
rCold   x . .        P - +2 buckler
rNeg    . . .        x - +2 leather armour {rF+}
rPois   .            c - +0 hat
rElec   .            b - +2 cloak
rCorr   +            A - +0 pair of gloves
SInv    +            Q - +1 pair of boots
Will    +....        v - amulet of reflection
Stlth   ++           R - ring of see invisible
HPRegen 0.32/turn    a - ring "Memac" {rF+ rCorr Str+6 Dex+3}
MPRegen 0.25/turn

%: reflection
@: no status effects
A: no striking features
a: Renounce Religion


You were on level 14 of the Dungeon.
You worshipped Vehumet.
Vehumet was extremely pleased with you.
You visited 2 branches of the dungeon, and saw 15 of its levels.

You collected 1019 gold pieces.

Inventory:

Hand Weapons
 r - the +7 sling of Doom (weapon) {elec, rC- Str+3}
   (You found it on level 3 of the Dungeon)

   Str+3:     It affects your strength (+3).
   rC-:       It makes you vulnerable to cold.
Missiles
 C - 2 throwing nets
 N - a curare-tipped dart
Armour
 b - a +2 cloak (worn)
 c - a +0 hat (worn)
 x - a +2 leather armour of fire resistance (worn)
 A - a +0 pair of gloves (worn)
 P - a +2 buckler (worn)
 Q - a +1 pair of boots (worn)
 T - a +2 robe of cold resistance
Jewellery
 a - the ring "Memac" (right hand) {rF+ rCorr Str+6 Dex+3}
   (You found it on level 14 of the Dungeon)

   [ring of strength]

   Str+6:     It affects your strength (+6).
   Dex+3:     It affects your dexterity (+3).
   rF+:       It protects you from fire.
   rCorr:     It protects you from acid and corrosion.
 l - a ring of resist corrosion
 v - an amulet of reflection (around neck)
 y - a ring of protection from fire
 H - a ring of fire
 R - a ring of see invisible (left hand)
 S - a ring of ice
Wands
 L - a wand of charming (8)
 W - a wand of polymorph (4)
Scrolls
 e - a scroll of fog
 g - 6 scrolls of teleportation
 k - 6 scrolls of revelation
 t - 2 scrolls of blinking {unknown}
 B - 2 scrolls of noise {unknown}
 D - 4 scrolls of enchant armour {unknown}
 M - a scroll of poison {unknown}
 O - a scroll of immolation {unknown}
 U - a scroll of brand weapon {unknown}
 X - a scroll of torment {unknown}
 Y - a scroll of amnesia {unknown}
Potions
 d - 2 potions of magic
 w - 3 potions of curing
 z - 3 potions of might {unknown}
 E - 3 potions of enlightenment {unknown}
 F - a potion of attraction {unknown}
 I - 2 potions of haste {unknown}
 J - 4 potions of heal wounds
 V - a potion of degeneration {unknown}


   Skills:
 - Level 5.0 Fighting
 - Level 3.1 Armour
 - Level 3.0 Dodging
 - Level 3.0 Stealth
 + Level 5.4 Shields
 * Level 18.4 Spellcasting
 + Level 11.0 Conjurations
 - Level 1.1 Summonings
 - Level 6.0 Necromancy
 - Level 1.1 Translocations
 - Level 1.0 Transmutations
 - Level 1.2 Air Magic
 + Level 9.0 Earth Magic
 - Level 1.3 Poison Magic
 - Level 1.0 Evocations


You had 28 spell levels left.
You knew the following spells:

 Your Spells              Type           Power      Damage    Failure   Level
a - Magic Dart            Conj           100%       1d8       1%          1
b - Mephitic Cloud        Conj/Pois/Air  45%        N/A       1%          3
c - Call Imp              Summ           56%        N/A       3%          2
d - Blink                 Tloc           56%        N/A       3%          2
e - Stone Arrow           Conj/Erth      100%       3d13      1%          3
f - Irradiate             Conj/Tmut      26%        3d20      2%          5
g - Dispel Undead         Necr           52%        3d19      2%          4

Your spell library contained the following spells:

 Spells                   Type           Power      Damage    Failure   Level
 Arcjolt                  Conj/Air       26%        1d36      1%          5
 Kiss of Death            Conj/Necr      100%       2d13      1%          1
 Cigotuvi's Dreadful Rot  Necr/Pois/Air  74%        N/A       1%          2
 Static Discharge         Conj/Air       100%       2-7/arc   1%          2
 Sublimation of Blood     Necr           52%        N/A       1%          2
 Iskenderun's Mystic Bla  Conj/Tloc      52%        2d11      1%          4
 Animate Dead             Necr           52%        N/A       2%          4
 Slow                     Hex            92%        N/A       3%          1
 Lesser Beckoning         Tloc           56%        N/A       3%          2
 Petrify                  Tmut/Erth      48%        N/A       4%          4
 Airstrike                Air            14%        2d(3-19)  5%          4
 Gell's Gravitas          Tloc           28%        N/A       6%          3
 Teleport Other           Tloc           28%        N/A       6%          3
 Confusing Touch          Hex            23%        N/A       10%         3
 Tukima's Dance           Hex            23%        N/A       10%         3
 Manifold Assault         Tloc           28%        N/A       21%         4
 Summon Lightning Spire   Summ/Air       28%        N/A       21%         4
 Dimensional Bullseye     Hex/Tloc       12%        N/A       26%         4
 Dispersal                Tloc           14%        N/A       97%         6
 Haunt                    Necr/Summ      20%        N/A       99%         7
 Borgnjor's Revivificati  Necr           26%        N/A       100%        8
 Infestation              Necr           26%        N/A       100%        8
 Death's Door             Necr           26%        N/A       100%        9


Dungeon Overview and Level Annotations

Branches:
Dungeon (14/15)            Temple (1/1) D:5            Lair (0/5) D:9
    Orc (0/2) D:9
 Vaults: D:13-14

Altars:
Ashenzari
Cheibriados
Dithmenos
Elyvilon
Fedhas
Gozag
Hepliaklqana
Kikubaaqudgha
Makhleb
Nemelex Xobeh
Okawaru
Qazlal
Ru
Sif Muna
Trog
Uskayaw
Vehumet
Wu Jian
Xom
Yredelemnul
Zin
The Shining One

Annotations:
D:12 Loot behind rock
D:14 Azrael


Message History

Unknown command.
Aiming: Charm
Press: ? - help, Shift-Dir - straight line, f - Azrael
Aim: Azrael, wielding a +1 scimitar of flaming and wearing a ring of flight (chance to affect: 33%) Azrael is charmed.
Azrael hits the fire elemental with a +1 scimitar of flaming!
A fire elemental comes into view.
Casting: Mephitic Cloud (safe; 1% risk of failure)
Confirm with . or Enter, or press ? or * to list all spells.
Aiming: Stone Arrow (safe; 1% risk of failure)
Press: ? - help, Shift-Dir - straight line, f - fire elemental, p - Azrael
Aim: a fire elemental (moderately damaged, 72% to hit)
The stone arrow hits the fire elemental!!
The fire elemental is almost destroyed.
The fire elemental hits you. The fire elemental burns you! You resist.
Unknown command.
Casting: Stone Arrow (safe; 1% risk of failure)
Confirm with . or Enter, or press ? or * to list all spells.
Aiming: Stone Arrow (safe; 1% risk of failure)
Press: ? - help, Shift-Dir - straight line, p - fire elemental The stone arrow hits the fire elemental!
You destroy the fire elemental!
Vehumet accepts your kill.
You feel your power returning.
Azrael barely misses the fire elemental.
You block the fire elemental's attack.
Casting: Stone Arrow (safe; 1% risk of failure)
Confirm with . or Enter, or press ? or * to list all spells.
Aiming: Stone Arrow (safe; 1% risk of failure)
Press: ? - help, Shift-Dir - straight line The stone arrow hits the fire elemental!
The fire elemental is severely damaged.
Azrael gestures at the fire elemental.
The sphere of damnation explodes!
The damnation engulfs the fire elemental!
The fire elemental is destroyed!
Vehumet accepts your kill. The damnation engulfs you!!!
Ouch! That really hurt!
You die...

####### ######## #
....... #......# ..
...c... #.@....# ##○..
.......### #......#
##.○°
...c..[..###☼R....# .h°
c.....)#.h○h○○....###°#
.c.....#####.E....##○.#


ccc.... #..○...##R## ....... #...○..#..# ....... #....°.#○## #####.# #....R○.☼#
You could see a fire elemental, a hell hound (confused) and the friendly Azrael
(charmed, unaware).

Vanquished Creatures
  Josephine (D:14)
  Fannar (D:11)
  A hydra (D:13)
  2 centaur warriors
  2 boulder beetles (D:14)
  4 two-headed ogres
  A tengu warrior (D:13)
  A deep elf pyromancer (D:14)
  A wizard (D:14)
  5 ugly things
  5 cyclopes
  2 manticores
  7 centaur zombies (D:11)
  2 komodo dragons
  An unseen horror (D:11)
  4 kobold demonologists
  7 trolls
  A meliai zombie (D:11)
  2 shadows
  7 wraiths
  A fire elemental (D:14)
  4 wyverns
  2 vampires (D:11)
  A basilisk (D:13)
  10 yaks (D:11)
  A steam dragon (D:7)
  5 vampire mosquitoes
  An acid dragon (D:13)
  Duvessa (D:5)
  An ice beast (D:6)
  A black bear (D:4)
  8 orc warriors
  A sky beast (D:7)
  2 ogres
  5 centaurs
  A phantom (D:4)
  3 kobold brigands
  2 bullfrogs
  4 gnoll sergeants
  2 scorpions
  13 wights
  Dowan (D:5)
  3 killer bees (D:7)
  2 howler monkeys (D:14)
  2 jellies (D:6)
  8 hounds
  2 gnoll boudas (D:8)
  6 orc priests
  8 orc wizards
  4 iguanas
  Natasha (thrice) (D:3)
  A howler monkey zombie (D:11)
  35 gnolls
  4 adders
  A shadow imp (D:7)
  2 white imps (D:8)
  2 ufetubi (D:5)
  2 dart slugs (D:2)
  54 orcs
  10 ball pythons
  10 endoplasms
  2 giant cockroaches
  10 goblins
  5 hobgoblins
  A jackal (D:2)
  2 quokkas
  6 bats
  3 frilled lizards
  16 kobolds
  6 rats
337 creatures vanquished.

Vanquished Creatures (collateral kills)
  A fire elemental (D:14)
1 creature vanquished.

Vanquished Creatures (others)
  A bat (D:2)
1 creature vanquished.

Grand Total: 339 creatures vanquished

Notes
Turn   | Place    | Note
-------+----------+-------------------------------------------
     0 | D:1      | pokeman the Deep Elf Hedge Wizard began the quest for the
                  | Orb.
     0 | D:1      | Reached XP level 1. HP: 10/10 MP: 7/7
   286 | D:1      | Reached XP level 2. HP: 16/16 MP: 5/9
   807 | D:1      | Reached skill level 5 in Spellcasting
  1193 | D:2      | Reached XP level 3. HP: 20/20 MP: 11/11
  1197 | D:2      | Learned a level 3 spell: Mephitic Cloud
  1200 | D:2      | Learned a level 2 spell: Call Imp
  1203 | D:2      | Learned a level 2 spell: Blink
  1260 | D:2      | You fall into a shaft and drop 1 floor!
  1260 | D:3      | Found a radiant altar of Vehumet.
  1267 | D:3      | Became a worshipper of Vehumet
  1587 | D:2      | Reached skill level 1 in Armour
  1590 | D:2      | Reached skill level 1 in Fighting
  2256 | D:3      | Reached XP level 4. HP: 25/25 MP: 10/13
  2535 | D:3      | Noticed Natasha
  2539 | D:3      | Killed Natasha
  2882 | D:3      | Identified the +7 sling of Doom {elec, rC- Str+3}
  2894 | D:3      | Found an ancient bone altar of Kikubaaqudgha.
  2949 | D:3      | Reached * piety under Vehumet
  2949 | D:3      | Offered knowledge of Sandblast by Vehumet.
  2979 | D:3      | Noticed Natasha
  2981 | D:3      | Killed Natasha
  2982 | D:3      | Reached skill level 6 in Spellcasting
  2982 | D:3      | Reached XP level 5. HP: 23/29 MP: 13/15
  3138 | D:3      | Noticed Natasha
  3153 | D:3      | Killed Natasha
  3196 | D:4      | Noticed a black bear
  3200 | D:4      | Killed a black bear
  3201 | D:4      | Reached skill level 1 in Air Magic
  3201 | D:4      | Reached skill level 1 in Poison Magic
  3201 | D:4      | Reached XP level 6. HP: 34/34 MP: 15/17
  3206 | D:4      | Learned a level 4 spell: Dispel Undead
  3592 | D:4      | Reached skill level 7 in Spellcasting
  3728 | D:4      | Reached skill level 1 in Necromancy
  3763 | D:4      | Reached skill level 1 in Evocations
  3863 | D:4      | Found a snail-covered altar of Cheibriados.
  3870 | D:4      | Offered knowledge of Poisonous Vapours by Vehumet.
  3875 | D:4      | Reached ** piety under Vehumet
  4029 | D:4      | Found an iron altar of Okawaru.
  4068 | D:4      | Reached XP level 7. HP: 39/39 MP: 20/20
  4105 | D:5      | Entered Level 5 of the Dungeon
  4206 | D:5      | Learned a level 5 spell: Irradiate
  4253 | D:5      | Reached skill level 8 in Spellcasting
  4305 | D:5      | Found a broken altar of Ashenzari.
  4310 | D:5      | Reached skill level 1 in Transmutations
  4422 | D:5      | Found an opulent altar of Gozag.
  4475 | D:5      | Found a staircase to the Ecumenical Temple.
  4480 | D:5      | Offered knowledge of Scorch by Vehumet.
  4490 | Temple   | Entered the Ecumenical Temple
  4520 | D:5      | Found a sacrificial altar of Ru.
  4698 | D:5      | Noticed Dowan
  4699 | D:5      | Noticed Duvessa
  4705 | D:5      | Killed Dowan
  4706 | D:5      | Reached XP level 8. HP: 31/44 MP: 19/22
  4708 | D:5      | Killed Duvessa
  4709 | D:5      | Reached skill level 9 in Spellcasting
  5187 | D:6      | Reached *** piety under Vehumet
  5204 | D:6      | Reached skill level 1 in Earth Magic
  5213 | D:6      | Reached skill level 5 in Conjurations
  5578 | D:6      | Reached skill level 10 in Spellcasting
  6181 | D:7      | Noticed a cyclops
  6193 | D:7      | Killed a cyclops
  6194 | D:7      | Reached skill level 5 in Necromancy
  6194 | D:7      | Reached XP level 9. HP: 48/48 MP: 25/25
  6357 | D:7      | Offered knowledge of Stone Arrow by Vehumet.
  6358 | D:7      | Reached skill level 11 in Spellcasting
  6848 | D:7      | Reached **** piety under Vehumet
  6896 | D:7      | Reached skill level 12 in Spellcasting
  7444 | D:8      | Noticed a cyclops
  7451 | D:8      | Learned a level 3 spell: Stone Arrow
  7452 | D:8      | Offered knowledge of Dazzling Flash by Vehumet.
  7463 | D:8      | Killed a cyclops
  7464 | D:8      | Reached XP level 10. HP: 37/56 MP: 26/28
  8589 | D:9      | Reached skill level 13 in Spellcasting
  8833 | D:9      | Found a staircase to the Orcish Mines.
  9128 | D:9      | Noticed a smoke demon
  9588 | D:9      | Found a shadowy altar of Dithmenos.
  9644 | D:9      | Found a staircase to the Lair.
  9660 | D:9      | Reached skill level 14 in Spellcasting
  9723 | D:9      | Reached ***** piety under Vehumet
  9725 | D:9      | Offered knowledge of Olgreb's Toxic Radiance by Vehumet.
  9925 | D:10     | Entered Level 10 of the Dungeon
 10068 | D:10     | Noticed a two-headed ogre
 10075 | D:10     | Killed a two-headed ogre
 10076 | D:10     | Reached skill level 5 in Fighting
 10076 | D:10     | Reached skill level 5 in Earth Magic
 10076 | D:10     | Reached XP level 11. HP: 63/63 MP: 23/31
 10114 | D:10     | Found a bloodstained altar of Trog.
 10282 | D:10     | Found a shimmering altar of Xom.
 10349 | D:10     | Noticed a two-headed ogre
 10357 | D:10     | Killed a two-headed ogre
 10358 | D:10     | Reached skill level 1 in Shields
 10538 | D:10     | Found a hide-covered altar of Uskayaw.
 10894 | D:10     | Found a basalt altar of Yredelemnul.
 10896 | D:10     | Found a stormy altar of Qazlal.
 11130 | D:11     | Reached skill level 15 in Spellcasting
 11816 | D:11     | Reached skill level 16 in Spellcasting
 12007 | D:11     | Noticed a two-headed ogre
 12011 | D:11     | Killed a two-headed ogre
 12251 | D:11     | Noticed Fannar
 12255 | D:11     | Killed Fannar
 12256 | D:11     | Reached XP level 12. HP: 56/68 MP: 27/34
 12983 | D:12     | Reached skill level 10 in Conjurations
 13375 | D:13     | Offered knowledge of Arcjolt by Vehumet.
 13501 | D:13     | Noticed a centaur warrior
 13505 | D:13     | Killed a centaur warrior
 13506 | D:13     | Reached skill level 17 in Spellcasting
 13514 | D:13     | Noticed a two-headed ogre
 13522 | D:13     | Killed a two-headed ogre
 13889 | D:13     | Noticed a six-headed hydra
 13893 | D:13     | Killed a six-headed hydra
 13939 | D:13     | Noticed a tengu warrior
 13954 | D:13     | Killed a tengu warrior
 14687 | D:14     | Upgraded the game from 0.31-a0-765-g67fe2935dc to
                  | 0.31-a0-771-g505c3d19dc
 15178 | D:14     | Identified the ring "Memac" {rF+ rCorr Str+6 Dex+3}
 15404 | D:14     | Noticed a boulder beetle
 15514 | D:14     | Reached skill level 5 in Shields
 15676 | D:14     | Noticed Josephine
 15688 | D:14     | Killed Josephine
 15689 | D:14     | Reached skill level 18 in Spellcasting
 15831 | D:14     | Noticed a centaur warrior
 15842 | D:14     | Killed a centaur warrior
 16076 | D:14     | Noticed a boulder beetle
 16151 | D:14     | Killed a boulder beetle
 16152 | D:14     | Reached XP level 13. HP: 72/72 MP: 16/37
 16459 | D:14     | Noticed Azrael
 16484 | D:14     | Killed from afar by Azrael

Illustrated notes

Levels and vault maps discovered:
D:1:      tarquinn_simple_flora_water_d, layout_basic
D:2:      minmay_recursive_quarters, layout_loops_corners
D:3:      layout_loops_cross, kiku_gazebo_pond_becter, nicolae_vehumet_radiance,
          uniq_natasha
D:4:      layout_basic, okawaru_altar_gauntlet_db, kennysheep_mini,
          minmay_goblin_outpost
D:5:      layout_basic, mainiacjoe_overflow_brackets, marbit_many_paths,
          evilmike_ruin_ashenzari, minmay_temple_entry_junction, uniq_duvessa
D:6:      layout_loops_ring
D:7:      minmay_opposing_rooms, layout_basic, grunt_decor_one_mirror,
          chequers_serial_rivers_room_a
D:8:      layout_basic
D:9:      layout_basic, old_standard_altar, david_lair_shrubbed, orc_0_dummy
D:10:     layout_irregular_city, mainiacjoe_overflow_concentric_impassable,
          mainiacjoe_overflow_alcove_2, lemuel_tele_altar,
          mainiacjoe_overflow_divided_tiny, patterned_corridor
D:11:     layout_roguey, serial_undead, serial_undead_c, serial_undead_e,
          serial_undead_f, serial_undead_f, serial_undead_b, serial_undead_b,
          uniq_fannar
D:12:     layout_basic, nicolae_straight_to_the_point
D:13:     layout_loops_ring, kennysheep_generic_room_12
D:14:     layout_roguey, david_vaults_1, grunt_decor_fettered, uniq_azrael,
          uniq_josephine
Temple:   nicolae_temple_bog_church

Skill      XL: |  1  2  3  4  5  6  7  8  9 10 11 12 13 |
---------------+----------------------------------------+-----
Spellcasting   | 5 6 7 8 10 12 14 16 18 | 18.4
Conjurations   | 2 3 4 5 7 8 9 10 11 | 11.0
Armour         | 1 3 |  3.1
Fighting       | 1 2 3 5 |  5.0
Stealth        | 3 |  3.0
Dodging        | 3 |  3.0
Air Magic      | 1 |  1.2
Poison Magic   | 1 |  1.3
Necromancy     | 2 3 5 6 |  6.0
Evocations     | 1 |  1.0
Transmutations | 1 |  1.0
Earth Magic    | 1 2 5 7 8 9 |  9.0
Shields        | 3 5 |  5.4
Summonings     | |  1.1
Translocations | |  1.1

Action                     |  1- 3 |  4- 6 |  7- 9 | 10-12 | 13-15 || total
---------------------------+-------+-------+-------+-------+-------++-------
  Melee: Dagger            |    24 |       |       |       |       ||    24
         Punch             |     1 |       |       |       |       ||     1
         Sling             |       |       |       |     1 |       ||     1
   Fire: Sling             |       |    96 |   215 |   120 |       ||   431
   Cast: Magic Dart        |    87 |    31 |    27 |    39 |       ||   184
         Mephitic Cloud    |       |     2 |    33 |    46 |     5 ||    86
         Blink             |       |       |     2 |     1 |     1 ||     4
         Dispel Undead     |       |       |     2 |    46 |       ||    48
         Irradiate         |       |       |     2 |     5 |       ||     7
         Call Imp          |       |       |     1 |       |       ||     1
         Stone Arrow       |       |       |       |   183 |    14 ||   197
  Evoke: Wand              |       |       |       |       |     1 ||     1
    Use: Scroll            |       |       |       |    15 |     1 ||    16
   Stab: Sleeping          |     3 |       |       |       |       ||     3
 Armour: Robe              |    21 |    17 |    17 |       |       ||    55
         Leather armour    |       |       |    36 |   125 |    11 ||   172
  Dodge: Dodged            |    18 |    19 |    39 |    67 |     4 ||   147
  Block: Other             |       |       |     6 |    31 |       ||    37
         Reflection        |       |       |     2 |     7 |     2 ||    11
         Buckler           |       |       |       |     9 |     3 ||    12

Table legend: (Time is in decaauts)
 A = Elapsed time spent in this place.
 B = Non-inter-level travel time spent in this place.
 C = Inter-level travel time spent in this place.
 D = Time resting spent in this place.
 E = Time spent auto-exploring this place.
 F = Levels seen in this place.
 G = Mean time per level.
                   A        B        C        D        E       F      G
               +--------+--------+--------+--------+--------+-----+--------+
         Total |  16680 |  15775 |    905 |    886 |  12608 |  15 | 1112.0 |
       Dungeon |  16638 |  15737 |    901 |    886 |  12608 |  14 | 1188.4 |
        Temple |     41 |     38 |      3 |      0 |      0 |   1 |   41.0 |
               +--------+--------+--------+--------+--------+-----+--------+

Top non-repeatable levels by time:
     D:8: 1593 daAuts
    D:13: 1452 daAuts
     D:7: 1417 daAuts
    D:14: 1335 daAuts
    D:11: 1291 daAuts
    D:10: 1234 daAuts
     D:5: 1166 daAuts
     D:2: 1134 daAuts
     D:1: 1073 daAuts
     D:9: 1067 daAuts
    D:12: 1013 daAuts
     D:4: 989 daAuts
     D:3: 985 daAuts
     D:6: 884 daAuts
  Temple: 41 daAuts
